AoeStats
← fgzsmrf

Arena

508994880Analyzed
1v1 RM · 8d ago on Sep 25, 2026· 33m 4s· 2 players
Game mode
Random Map
Map size
Tiny (2 player)
Population
200
Speed
Normal
Resources
Standard
Victory
Conquest
Starting age
Dark Age
Ending age
Imperial Age
RankedLock teamsTeams togetherTeam positionsShared explorationLock speedFull tech treeHidden civsTurbo modeCheats
Victory
Defeat
🇺🇸 Chinese · United States
1049
+14
🇹🇼 Danes · Taiwan
1006
-14
Zain
10:27 Feudal Age
14:28 Castle Age
12:57 Double-Bit Axe
13:22 Horse Collar
15:41 Bow Saw
24:09 Wheelbarrow
28:10 Imperial Age
25:48 Gold Mining
26:58 Stone Mining
27:45 Gold Shaft Mining
27:40 Squires
27:26 Arson
27:49 Scale Mail Armor
30:10 Chain Mail Armor
30:06 Forging
31:18 Conscription
30:21 Hamask
31:18 Loom
31:12 Elite Varangian Guard
32:57 Plate Mail Armor
fgzsmrf
0:30 Loom
10:10 Feudal Age
14:44 Castle Age
12:53 Double-Bit Axe
12:48 Horse Collar
14:32 Town Watch
25:53 Wheelbarrow
26:01 Bow Saw
25:52 Heavy Plow
28:59 Imperial Age
27:11 Scale Mail Armor
27:21 Squires
27:06 Arson
28:26 Chain Mail Armor
29:18 Forging
29:30 Fortified Wall
30:35 Iron Casting
29:24 Capped Ram
31:19 Two-Man Saw
30:08 Pikeman
31:22 Plate Mail Armor
30:53 Siege Ram
32:08 Elite Fire Lancer
34:38 Chemistry
33:58 Ballistics
Connection lost

Rejoining the realm…

Still unreachable

The connection could not be restored.

Session expired

The server has moved on; the page needs a fresh start.